AoeStats
← Oldspice

Pilgrims

510003627Analyzed
3v3 RM · 3d ago on Sep 29, 2026· 23m 22s· 6 players
Game mode
Random Map
Map size
Normal (6 player)
Population
200
Speed
Normal
Resources
Standard
Victory
Conquest
Starting age
Dark Age
Ending age
Imperial Age
RankedLock teamsTeams togetherTeam positionsShared explorationLock speedFull tech treeHidden civsTurbo modeCheats
Victory
Defeat
🇨🇱 Khmer · Chile
1651
+11
🇦🇷 Chinese · Argentina
1617
+12
🇦🇷 Saracens · Argentina
1570
+14
🇨🇦 Huns · Canada
1609
-15
🇺🇸 Inca · United States
1539
-13
🇺🇸 Koreans · United States
1432
-9
Dr. Pipe
5:28 Loom
14:00 Feudal Age
19:34 Castle Age
18:46 Horse Collar
19:46 Double-Bit Axe
20:58 Bow Saw
21:32 Scale Mail Armor
Oldspice
11:43 Feudal Age
12:47 Double-Bit Axe
14:39 Fishing Lines
19:07 Castle Age
19:15 Demolition Ship
20:06 Medium Warships
20:42 Loom
21:40 Wheelbarrow
IVIUSTANG
8:09 Loom
11:26 Feudal Age
12:18 Loom
12:46 Double-Bit Axe
13:23 Fletching
15:44 Town Watch
18:26 Castle Age
20:42 Wheelbarrow
22:57 Hand Cart
22:56 Bow Saw
AxD | Keiokenkun-Uno-Puro
8:42 Loom
10:51 Feudal Age
13:11 Town Watch
15:27 Castle Age
13:44 Gold Mining
14:06 Double-Bit Axe
15:42 Fletching
15:48 Fishing Lines
16:25 Medium Warships
16:46 Bodkin Arrow
19:55 Bow Saw
23:38 Ballistics
AxD | Cad Bane
6:37 Loom
11:13 Feudal Age
17:41 Castle Age
16:01 Fletching
16:12 Fishing Lines
17:51 Horse Collar
17:57 Double-Bit Axe
18:57 Medium Warships
18:43 Bodkin Arrow
19:22 Gillnets
23:29 Ballistics
Cronos
7:43 Loom
11:01 Feudal Age
15:09 Castle Age
16:28 Gold Mining
16:27 Double-Bit Axe
16:55 Fishing Lines
21:28 Scale Barding Armor
Connection lost

Rejoining the realm…

Still unreachable

The connection could not be restored.

Session expired

The server has moved on; the page needs a fresh start.